| TOP OF THE 1ST |
|
Augusta GreenJackets batting - Pitching for West Virginia Power : LHP Jim Turan
|
|
Pitching: LHP Jim Turan
|
|
|
Batting: LHB J.P. Olson
|
0-0: Called Strike 0-1: Foul Ball, location: 2F 0-2: Ball 1-2: Foul Ball, location: 2F 1-2: Ball 2-2: Strikes out swinging
|
|
Batting: RHB Mike Buchanan
|
0-0: Ball 1-0: Fly out, F7 (Flyball, 78S, EV 91.9 MPH)
|
|
Batting: RHB Sadataka Kuwahara
|
0-0: Ball 1-0: Ball 2-0: Called Strike 2-1: Foul Ball, location: 2F 2-2: Ground out 6-3 (Groundball, 6, EV 102.5 MPH)
|
| Top of the 1st over - 0 runs, 0 hits, 0 errors, 0 left on base; Augusta 0 - West Virginia 0 |
| BOTTOM OF THE 1ST |
|
West Virginia Power batting - Pitching for Augusta GreenJackets : LHP Matt Bagnall
|
|
Pitching: LHP Matt Bagnall
|
|
|
Batting: RHB Jordan Robinson
|
0-0: Swinging Strike 0-1: Foul Ball, location: 2F 0-2: Ball 1-2: Ball 2-2: Strikes out swinging
|
|
Batting: LHB Joe Hoover
|
0-0: Called Strike 0-1: Foul Ball, location: 2F 0-2: Ball 1-2: Ball 2-2: Hit by Pitch
|
|
Batting: RHB Mike Velazquez
|
0-0: Called Strike 0-1: Ball 1-1: Swinging Strike 1-2: Foul Ball, location: 2F 1-2: Strikes out looking
|
|
Batting: RHB Zach Chmieleski
|
0-0: Ball 1-0: Ball 2-0: 2-RUN HOME RUN (Flyball, 7LD, EV 93.1 MPH), Distance : 339 ft
|
|
Batting: RHB Freddy Quintero
|
0-0: Called Strike 0-1: Ball 1-1: Swinging Strike 1-2: Strikes out swinging
|
| Bottom of the 1st over - 2 runs, 1 hit, 0 errors, 0 left on base; Augusta 0 - West Virginia 2 |
| TOP OF THE 2ND |
|
Augusta GreenJackets batting - Pitching for West Virginia Power : LHP Jim Turan
|
|
Batting: RHB Chris King
|
0-0: Ball 1-0: Fly out, F8 (Flyball, 89D, EV 97.5 MPH)
|
|
Batting: RHB Dinand Brouwer
|
0-0: Ball 1-0: Swinging Strike 1-1: Foul Ball, location: 2F 1-2: Ball 2-2: Ball 3-2: Foul Ball, location: 2F 3-2: Foul Ball, location: 2F 3-2: SINGLE (Groundball, 6D, EV 98.8 MPH)
|
|
Batting: LHB Josh Straub
|
0-0: Fly out, F8 (Line Drive, 78M, EV 109.4 MPH)
|
|
Batting: LHB Fred Arends
|
0-0: Ball 1-0: Called Strike 1-1: Foul Ball, location: 2F 1-2: Foul Ball, location: 2F 1-2: Strikes out swinging
|
| Top of the 2nd over - 0 runs, 1 hit, 0 errors, 1 left on base; Augusta 0 - West Virginia 2 |
| BOTTOM OF THE 2ND |
|
West Virginia Power batting - Pitching for Augusta GreenJackets : LHP Matt Bagnall
|
|
Batting: SHB Mike Corley
|
0-0: Ball 1-0: Ball 2-0: Ball 3-0: Called Strike 3-1: Ground out U3 (Groundball, 34, EV 80.0 MPH)
|
|
Batting: RHB Richard Barrios
|
0-0: Called Strike 0-1: SINGLE (Line Drive, 6D, EV 103.1 MPH)
|
|
Batting: RHB Ted Goldblatt
|
0-0: Ball 1-0: Ball 2-0: Called Strike 2-1: SINGLE (Line Drive, 9LS, EV 98.1 MPH) Richard Barrios to second Runner from 2nd tries for 3rd, SAFE, throw by RF made to third
|
|
Batting: LHB Brandon Sarni
|
0-0: Ball 1-0: Called Strike 1-1: Swinging Strike 1-2: Ball 2-2: Ball 3-2: Base on Balls Ted Goldblatt to second
|
|
Batting: RHB Jordan Robinson
|
0-0: Called Strike 0-1: Swinging Strike 0-2: Ball 1-2: Foul Ball, location: 2F 1-2: Grounds into double play, 6-4-3 (Groundball, 6, EV 91.2 MPH)
|
| Bottom of the 2nd over - 0 runs, 2 hits, 0 errors, 2 left on base; Augusta 0 - West Virginia 2 |
| TOP OF THE 3RD |
|
Augusta GreenJackets batting - Pitching for West Virginia Power : LHP Jim Turan
|
|
Batting: RHB Gabe Ochoa
|
0-0: DOUBLE (Line Drive, 7LD, EV 105.0 MPH)
|
|
Batting: LHB Ryan Anderson
|
0-0: Called Strike 0-1: Called Strike 0-2: Foul Ball, location: 2F 0-2: Ball 1-2: SINGLE (Groundball, 34D, EV 100.0 MPH) Gabe Ochoa to third
|
|
Batting: LHB J.P. Olson
|
0-0: Ball 1-0: Foul Ball, location: 2F 1-1: Foul Ball, location: 2F 1-2: Ball 2-2: Foul Ball, location: 2F 2-2: Foul Ball, location: 2F 2-2: Fly out, F9 (Line Drive, 89M, EV 93.8 MPH)
|
|
Batting: RHB Mike Buchanan
|
0-0: Ball 1-0: Ball 2-0: Foul Ball, location: 2F 2-1: Foul Ball, location: 2F 2-2: Ball 3-2: Grounds into double play, 5-4-3 (Groundball, 56, EV 85.0 MPH)
|
| Top of the 3rd over - 0 runs, 2 hits, 0 errors, 1 left on base; Augusta 0 - West Virginia 2 |
| BOTTOM OF THE 3RD |
|
West Virginia Power batting - Pitching for Augusta GreenJackets : LHP Matt Bagnall
|
|
Batting: LHB Joe Hoover
|
0-0: Called Strike 0-1: Ball 1-1: Called Strike 1-2: SINGLE (Line Drive, 34, EV 106.9 MPH)
|
|
Batting: RHB Mike Velazquez
|
0-0: Ground out 6-3 (Groundball, 6, EV 97.5 MPH) Joe Hoover to second
|
|
Batting: RHB Zach Chmieleski
|
0-0: Ball 1-0: Called Strike 1-1: Called Strike 1-2: Foul Ball, location: 2F 1-2: Strikes out swinging, 2-3 out at first.
|
|
Batting: RHB Freddy Quintero
|
0-0: Ground out 5-3 (Groundball, 5, EV 99.4 MPH)
|
| Bottom of the 3rd over - 0 runs, 1 hit, 0 errors, 1 left on base; Augusta 0 - West Virginia 2 |
| TOP OF THE 4TH |
|
Augusta GreenJackets batting - Pitching for West Virginia Power : LHP Jim Turan
|
|
Batting: RHB Sadataka Kuwahara
|
0-0: Ball 1-0: Foul Ball, location: 2F 1-1: Called Strike 1-2: Foul Ball, location: 2F 1-2: Ball 2-2: Ground out 1-3 (Groundball, 23, EV 67.5 MPH)
|
|
Batting: RHB Chris King
|
0-0: Ball 1-0: Ball 2-0: Ball 3-0: Called Strike 3-1: Swinging Strike 3-2: Strikes out swinging
|
|
Batting: RHB Dinand Brouwer
|
0-0: Ball 1-0: Ground out 5-3 (Groundball, 5S, EV 79.4 MPH)
|
| Top of the 4th over - 0 runs, 0 hits, 0 errors, 0 left on base; Augusta 0 - West Virginia 2 |
| BOTTOM OF THE 4TH |
|
West Virginia Power batting - Pitching for Augusta GreenJackets : LHP Matt Bagnall
|
|
Batting: SHB Mike Corley
|
0-0: Ball 1-0: Foul Ball, location: 2F 1-1: Ground out 5-3 (Groundball, 5, EV 100.6 MPH)
|
|
Batting: RHB Richard Barrios
|
0-0: Bunt missed! 0-1: Reached on error, E6 (Groundball, 6D, EV 103.8 MPH)
|
|
Batting: RHB Ted Goldblatt
|
0-0: Ball 1-0: Ball 2-0: Called Strike 2-1: DOUBLE (Line Drive, 3D, EV 96.9 MPH) Richard Barrios to third Runner from 3rd tries for Home, SAFE, no throw by RF
|
|
Batting: LHB Brandon Sarni
|
0-0: Ball 1-0: Called Strike 1-1: Called Strike 1-2: Ball 2-2: SINGLE (Groundball, 4M, EV 97.5 MPH) Ted Goldblatt to third Runner from 3rd tries for Home, SAFE, throw by CF to home Brandon Sarni to second
|
|
Batting: RHB Jordan Robinson
|
0-0: Ground out 6-3 (Groundball, 6, EV 92.5 MPH) Brandon Sarni to third
|
|
Batting: LHB Joe Hoover
|
0-0: Called Strike 0-1: Ball 1-1: Ball 2-1: Ground out 5-3 (Groundball, 56, EV 85.6 MPH)
|
| Bottom of the 4th over - 2 runs, 2 hits, 1 error, 1 left on base; Augusta 0 - West Virginia 4 |
| TOP OF THE 5TH |
|
Augusta GreenJackets batting - Pitching for West Virginia Power : LHP Jim Turan
|
|
Batting: LHB Josh Straub
|
0-0: Foul Ball, location: 2F 0-1: Swinging Strike 0-2: Strikes out swinging
|
|
Batting: LHB Fred Arends
|
0-0: Called Strike 0-1: Swinging Strike 0-2: Strikes out swinging
|
|
Batting: RHB Gabe Ochoa
|
0-0: Ball 1-0: Fly out, F7 (Line Drive, 7, EV 89.4 MPH)
|
| Top of the 5th over - 0 runs, 0 hits, 0 errors, 0 left on base; Augusta 0 - West Virginia 4 |
| BOTTOM OF THE 5TH |
|
West Virginia Power batting - Pitching for Augusta GreenJackets : LHP Matt Bagnall
|
|
Batting: RHB Mike Velazquez
|
0-0: Fly out, F8 (Line Drive, 8LS, EV 95.0 MPH)
|
|
Now in CF: Pong-keun Koh
|
|
|
Batting: RHB Zach Chmieleski
|
0-0: Swinging Strike 0-1: Ball 1-1: Foul Ball, location: 2F 1-2: Ground out U3 (Groundball, 3L, EV 102.5 MPH)
|
|
Batting: RHB Freddy Quintero
|
0-0: Ball 1-0: Called Strike 1-1: Ground out 6-3 (Groundball, 6, EV 81.9 MPH)
|
| Bottom of the 5th over - 0 runs, 0 hits, 0 errors, 0 left on base; Augusta 0 - West Virginia 4 |
| TOP OF THE 6TH |
|
Augusta GreenJackets batting - Pitching for West Virginia Power : LHP Jim Turan
|
|
Batting: LHB Ryan Anderson
|
0-0: Called Strike 0-1: Ball 1-1: Swinging Strike 1-2: Strikes out swinging
|
|
Batting: LHB J.P. Olson
|
0-0: Called Strike 0-1: Called Strike 0-2: Strikes out looking
|
|
Batting: LHB Pong-keun Koh
|
0-0: Ground out 4-3 (Groundball, 34D, EV 104.4 MPH)
|
| Top of the 6th over - 0 runs, 0 hits, 0 errors, 0 left on base; Augusta 0 - West Virginia 4 |
| BOTTOM OF THE 6TH |
|
West Virginia Power batting - Pitching for Augusta GreenJackets : LHP Matt Bagnall
|
|
Batting: SHB Mike Corley
|
0-0: Called Strike 0-1: Ball 1-1: Foul Ball, location: 2F 1-2: Ball 2-2: Strikes out swinging
|
|
Pitching: RHP Nate Heideman
|
|
|
Batting: RHB Richard Barrios
|
0-0: Foul Ball, location: 2F 0-1: Called Strike 0-2: Foul Ball, location: 2F 0-2: Strikes out swinging
|
|
Batting: RHB Ted Goldblatt
|
0-0: Ball 1-0: Foul Ball, location: 2F 1-1: Fly out, F5 (Line Drive, 56, EV 70.0 MPH)
|
| Bottom of the 6th over - 0 runs, 0 hits, 0 errors, 0 left on base; Augusta 0 - West Virginia 4 |
| TOP OF THE 7TH |
|
Augusta GreenJackets batting - Pitching for West Virginia Power : LHP Jim Turan
|
|
Batting: RHB Sadataka Kuwahara
|
0-0: Ball 1-0: Ball 2-0: Ball 3-0: Called Strike 3-1: Foul Ball, location: 2F 3-2: Fly out, F9 (Line Drive, 9D, EV 90.6 MPH)
|
|
Batting: RHB Chris King
|
0-0: Ground out 6-3 (Groundball, 6M, EV 78.1 MPH)
|
|
Batting: RHB Dinand Brouwer
|
0-0: Foul Ball, location: 2F 0-1: Ground out 6-3 (Groundball, 6, EV 81.9 MPH)
|
| Top of the 7th over - 0 runs, 0 hits, 0 errors, 0 left on base; Augusta 0 - West Virginia 4 |
| BOTTOM OF THE 7TH |
|
West Virginia Power batting - Pitching for Augusta GreenJackets : RHP Nate Heideman
|
|
Pitching: LHP Tommy McCusker
|
|
|
Batting: LHB Brandon Sarni
|
0-0: Ball 1-0: Reached on error, E3 (Groundball, 34, EV 76.2 MPH)
|
|
Batting: RHB Jordan Robinson
|
0-0: SINGLE (Flyball, 8LS, EV 100.6 MPH) Brandon Sarni to third
|
|
Batting: LHB Joe Hoover
|
0-0: Called Strike 0-1: Called Strike 0-2: Foul Ball, location: 2F 0-2: Ball 1-2: Ball 2-2: Ball Wild Pitch! Brandon Sarni scores Jordan Robinson to second 3-2: Foul Ball, location: 2F 3-2: SINGLE (Line Drive, 6D, EV 102.5 MPH) Jordan Robinson to third
|
|
Batting: RHB Mike Velazquez
|
0-0: Foul Ball, location: 2F 0-1: Ball Joe Hoover steals 2nd base (no throw) 1-1: Fly out, F9 (Line Drive, 9, EV 87.5 MPH)
|
|
Batting: RHB Zach Chmieleski
|
0-0: Foul Ball, location: 2F 0-1: Ball 1-1: Ball 2-1: Ball 3-1: Fly out, F8 (Flyball, 8LM, EV 95.0 MPH) Runner from 3rd tags up, SCORES, no throw by CF
|
|
Batting: RHB Freddy Quintero
|
0-0: Swinging Strike 0-1: Fly out, F7 (Flyball, 7D, EV 103.8 MPH)
|
| Bottom of the 7th over - 2 runs, 2 hits, 1 error, 1 left on base; Augusta 0 - West Virginia 6 |
| TOP OF THE 8TH |
|
Augusta GreenJackets batting - Pitching for West Virginia Power : LHP Jim Turan
|
|
Batting: LHB Josh Straub
|
0-0: Called Strike 0-1: Foul Ball, location: 2F 0-2: Ball 1-2: Ball 2-2: Foul Ball, location: 2F 2-2: Ball 3-2: Ground out 4-3 (Groundball, 4, EV 80.0 MPH)
|
|
Batting: LHB Fred Arends
|
0-0: Called Strike 0-1: Called Strike 0-2: Strikes out looking
|
|
Batting: RHB Gabe Ochoa
|
0-0: Ground out 1-3 (Groundball, P, EV 74.4 MPH)
|
| Top of the 8th over - 0 runs, 0 hits, 0 errors, 0 left on base; Augusta 0 - West Virginia 6 |
| BOTTOM OF THE 8TH |
|
West Virginia Power batting - Pitching for Augusta GreenJackets : LHP Tommy McCusker
|
|
Batting: SHB Mike Corley
|
0-0: Ball 1-0: Ball 2-0: Ball 3-0: Called Strike 3-1: Fly out, F8 (Line Drive, 8LM, EV 88.8 MPH)
|
|
Batting: RHB Richard Barrios
|
0-0: Ball 1-0: Called Strike 1-1: Ball 2-1: Ball 3-1: Swinging Strike 3-2: Ground out 6-3 (Groundball, 6S, EV 71.2 MPH)
|
|
Batting: RHB Ted Goldblatt
|
0-0: Ball 1-0: Ball 2-0: Called Strike 2-1: Ball 3-1: Fly out, F9 (Flyball, 9LS, EV 88.8 MPH)
|
| Bottom of the 8th over - 0 runs, 0 hits, 0 errors, 0 left on base; Augusta 0 - West Virginia 6 |
| TOP OF THE 9TH |
|
Augusta GreenJackets batting - Pitching for West Virginia Power : LHP Jim Turan
|
|
Batting: LHB Ryan Anderson
|
0-0: Fly out, F6 (Popup, 6D, EV 65.0 MPH)
|
|
Batting: LHB J.P. Olson
|
0-0: Ball 1-0: Ball 2-0: Ground out 4-3 (Groundball, 34D, EV 101.2 MPH)
|
|
Batting: LHB Pong-keun Koh
|
0-0: Ball 1-0: Ball 2-0: Ball 3-0: Called Strike 3-1: Swinging Strike 3-2: SINGLE (Groundball, P, EV 80.6 MPH) (infield hit)
|
|
Pitching: RHP Mike Rosen
|
|
|
Batting: RHB Sadataka Kuwahara
|
0-0: Ball 1-0: Ground out 2-3 (Groundball, 2L, EV 70.0 MPH)
|
| Top of the 9th over - 0 runs, 1 hit, 0 errors, 1 left on base; Augusta 0 - West Virginia 6 |
|